 Dungeon Crawl Stone Soup version 0.20.1-1-g8b1a95d (webtiles) character file.

88 pstr the Conjurer (level 4, 0/24 HPs)
             Began as a Kobold Conjurer on Nov 14, 2017.
             Slain by a crocodile (11 damage)
             ... in a sewer.
             The game lasted 00:06:39 (2430 turns).

pstr the Conjurer (Kobold Conjurer)                 Turns: 2430, Time: 00:06:40

Health: 0/24       AC:  2    Str:  5    XL:     4   Next: 82%
Magic:  0/7        EV: 15    Int: 17    God:
Gold:   84         SH:  0    Dex: 15    Spells: 5/8 levels left

rFire    . . .     SeeInvis .   g - +0 short sword
rCold    . . .     Gourm    .   (shield restricted)
rNeg     . . .     Faith    .   a - +0 robe
rPois    .         Spirit   .   (no helmet)
rElec    .         Reflect  .   (no cloak)
rCorr    .         Harm     .   (no gloves)
MR       .....                  (no boots)
Stlth    ++........             (no amulet)
Regen    0.1/turn               (no ring)
MPRegen  0.1/turn               (no ring)

@: no status effects
A: carnivore 3
a: no special abilities


You were in a sewer.
You were completely stuffed.

You visited 1 branch of the dungeon, and saw 3 of its levels.
You also visited: Sewer.

You collected 84 gold pieces.

Inventory:

Hand Weapons
 g - a +0 short sword (weapon)
Missiles
 d - 31 arrows
 e - 62 stones (quivered)
Armour
 a - a +0 robe (worn)
 f - a +0 ring mail
 m - a cursed +0 leather armour
Jewellery
 o - a cursed amulet of inaccuracy
Wands
 k - a wand of disintegration (17/24)
Scrolls
 h - a scroll of teleportation {unknown}
 i - a scroll of immolation {unknown}
 l - 2 scrolls of identify
Potions
 j - a potion of berserk rage {unknown}
 n - a potion of lignification {unknown}
Books
 b - a book of Conjurations

   Spells                             Type                      Level
   a - Magic Dart                     Conjuration                  1
   b - Searing Ray                    Conjuration                  2
   c - Dazzling Spray                 Conjuration/Hexes            3
   d - Fulminant Prism                Conjuration/Hexes            4
   e - Force Lance                    Conjuration/Translocation    4
   f - Iskenderun's Mystic Blast      Conjuration                  4
Comestibles
 c - 2 meat rations
 p - 4 chunks of flesh


   Skills:
 + Level 2.8 Dodging
 + Level 3.3 Stealth
 + Level 2.5 Spellcasting
 + Level 5.3 Conjurations


You had 5 spell levels left.
You knew the following spells:

 Your Spells              Type           Power        Failure   Level  Hunger
a - Magic Dart            Conj           ###.         1%          1    #......
b - Searing Ray           Conj           ###...       3%          2    ##.....


Dungeon Overview and Level Annotations

Branches:
Dungeon (3/15)

Altars:
Xom


Innate Abilities, Weirdness & Mutations

You are small and have problems with some larger weapons.
You are carnivorous and can eat meat at any time.


Message History

The searing ray misses the crocodile.
You finish channeling your searing ray.
The crocodile closely misses you.
Casting: Searing Ray
Confirm with . or Enter, or press ? or * to list all spells.
Aiming: Searing Ray
Press: ? - help, Shift-Dir - straight line, f/p - crocodile
Aim: a crocodile (moderately wounded)
The searing ray misses the crocodile. (Press . to maintain the ray.)
The crocodile closely misses you.
You hit the crocodile but do no damage.
The crocodile is moderately wounded.
The crocodile misses you.
You closely miss the crocodile.
The crocodile is moderately wounded.
The crocodile bites you.
You barely miss the crocodile.
The crocodile is moderately wounded.
The crocodile bites you! x2
You die...

. ...
############.....
.........@t......
#######.####.....
#.# ... #.# . #.#
#.# #.# ##.##
##...##


You could see a crocodile.

Vanquished Creatures
  3 adders
  2 worms (D:2)
  4 dart slugs
  3 leopard geckos
  6 giant cockroaches
  7 goblins
  4 hobgoblins
  A quokka (D:2)
  A ball python (D:2)
  7 bats
  A frilled lizard (D:1)
  2 kobolds
  5 rats
46 creatures vanquished.

Notes
Turn   | Place    | Note
-------+----------+-------------------------------------------
     0 | D:1      | pstr the Kobold Conjurer began the quest for the Orb.
     0 | D:1      | Reached XP level 1. HP: 10/10 MP: 3/3
   106 | D:1      | Reached XP level 2. HP: 13/15 MP: 0/5
   110 | D:1      | Learned a level 2 spell: Searing Ray
   627 | D:1      | Reached XP level 3. HP: 19/19 MP: 3/6
   902 | D:2      | Found a shimmering altar of Xom.
  1476 | D:2      | Found a hide-covered altar of Uskayaw.
  1476 | D:2      | Found a basalt altar of Yredelemnul.
  1478 | D:2      | Found a glowing golden altar of the Shining One.
  1478 | D:2      | Found a shimmering altar of Xom.
  1478 | D:2      | Found a hazy altar of Hepliaklqana.
  1528 | D:2      | Reached XP level 4. HP: 24/24 MP: 3/7
  1747 | D:2      | Reached skill level 5 in Conjurations
  2210 | D:3      | Found a glowing drain.
  2325 | Sewer    | Entered a sewer
  2421 | Sewer    | Noticed a crocodile
  2430 | Sewer    | Slain by a crocodile

Skill      XL: |  1  2  3  4 |
---------------+-------------+-----
Stealth        | 3 |  3.3
Conjurations   | 5 |  5.3
Dodging        | |  2.8
Spellcasting   | |  2.5

Action                   |  1- 3 |  4- 6 || total
-------------------------+-------+-------++-------
Melee: Unarmed           |     5 |       ||     5
       Short sword       |     2 |    12 ||    14
 Cast: Magic Dart        |    45 |    16 ||    61
       Searing Ray       |     4 |    10 ||    14
  Use: Scroll            |       |     2 ||     2
  Eat: Chunk             |     9 |     5 ||    14
Armor: Robe              |     3 |     4 ||     7
Dodge: Dodged            |     5 |    14 ||    19
